[Event "55th Rubinstein Memorial-C 2019"]
[Site "Polanica-Zdroj"]
[Date "2019.08.23"]
[Round "7.25"]
[White "Bugaj, Hanna"]
[Black "Jaroszuk, Marcin"]
[Result "1-0"]
[ECO "A84"]
[WhiteElo "1622"]
[BlackElo "1496"]
[Annotator "NA"]
[PlyCount "57"]
[EventDate "2019.08.17"]
[EventType "swiss"]
[EventCountry "POL"]
[SourceTitle "playchess.com"]
[Source "ChessBase"]
[SourceQuality "1"]
[TimeControl "40/5400+30:1800+30"]

1. d4 e6 2. c4 f5 3. Nc3 Nf6 4. Nf3 Bb4 5. Bd2 O-O 6. g3 d6 7. Bg2 c6 8. O-O Qe7 9. Qb3 Bxc3 10. Bxc3 Ne4 11. Bb4 c5 12. dxc5 dxc5 13. Bc3 Nd7 14. Ne5 Nxc3 15. Qxc3 Rb8 16. Rad1 Rd8 17. f4 Nf6 18. Rd2 Bd7 19. Rfd1 Be8 20. Rxd8 Rxd8 21. Rxd8 Qxd8 22. Bxb7 Qd1+ 23. Kf2 Bh5 24. Qd3 Qc1 25. Qd8+ Ne8 26. Bf3 Bf7 27. Bc6 g6 28. Bxe8 Qh1 29. Bc6+ 1-0

[Event "55th Rubinstein Memorial-C 2019"]
[Site "Polanica-Zdroj"]
[Date "2019.08.23"]
[Round "7.26"]
[White "Celebias, Filip"]
[Black "Mytnik, Kinga"]
[Result "1/2-1/2"]
[ECO "B07"]
[WhiteElo "1336"]
[BlackElo "1620"]
[Annotator "NA"]
[PlyCount "77"]
[EventDate "2019.08.17"]
[EventType "swiss"]
[EventCountry "POL"]
[SourceTitle "playchess.com"]
[Source "ChessBase"]
[SourceQuality "1"]
[TimeControl "40/5400+30:1800+30"]

1. e4 d6 2. d4 Nf6 3. Nc3 Nbd7 4. g4 h6 5. g5 hxg5 6. Bxg5 c6 7. f4 Qb6 8. Qd2 e5 9. Nf3 exd4 10. Nxd4 Nc5 11. Bg2 Bg4 12. h3 Bh5 13. e5 dxe5 14. fxe5 Nfd7 15. Qe3 Ne6 16. Nxe6 Qxe3+ 17. Bxe3 fxe6 18. Bf4 Bb4 19. O-O Bc5+ 20. Kh2 Bd4 21. Rae1 O-O-O 22. Ne4 Bxb2 23. Nd6+ Kc7 24. Rb1 Bxe5 25. Nxb7 Bxf4+ 26. Rxf4 Rb8 27. Rc4 Ne5 28. Rcb4 Nf3+ 29. Kg3 Ng5 30. Kf4 Nf7 31. Na5 Rxb4+ 32. Rxb4 Nd8 33. Rc4 Rf8+ 34. Ke3 Be8 35. Rg4 Rf7 36. Nc4 Re7 37. h4 Bh5 38. Rg5 g6 39. Ra5 1/2-1/2

[Event "55th Rubinstein Memorial-C 2019"]
[Site "Polanica-Zdroj"]
[Date "2019.08.23"]
[Round "7.27"]
[White "Wrona, Florian"]
[Black "Bialik, Nikodem"]
[Result "1-0"]
[ECO "C01"]
[WhiteElo "1606"]
[BlackElo "1472"]
[Annotator "NA"]
[PlyCount "49"]
[EventDate "2019.08.17"]
[EventType "swiss"]
[EventCountry "POL"]
[SourceTitle "playchess.com"]
[Source "ChessBase"]
[SourceQuality "1"]
[TimeControl "40/5400+30:1800+30"]

1. e4 e6 2. d4 d5 3. exd5 exd5 4. Nf3 Bd6 5. h3 Be6 6. Bd3 Nf6 7. O-O O-O 8. Nc3 c6 9. Ne2 Qc7 10. Bg5 Nbd7 11. Bh4 h6 12. Bg3 Nh5 13. Bxd6 Qxd6 14. Re1 Rfe8 15. Ne5 Nhf6 16. Nf4 Kf8 17. c3 Rab8 18. Qf3 Qc7 19. Qg3 Qb6 20. Nxe6+ fxe6 21. Nxd7+ Nxd7 22. Qd6+ Re7 23. Rxe6 Rbe8 24. Bg6 c5 25. Qf4+ 1-0

[Event "55th Rubinstein Memorial-C 2019"]
[Site "Polanica-Zdroj"]
[Date "2019.08.23"]
[Round "7.28"]
[White "Binkowska, Agata"]
[Black "Jaworski, Tymon"]
[Result "1-0"]
[ECO "C65"]
[WhiteElo "1896"]
[BlackElo "1598"]
[Annotator "NA"]
[PlyCount "95"]
[EventDate "2019.08.17"]
[EventType "swiss"]
[EventCountry "POL"]
[SourceTitle "playchess.com"]
[Source "ChessBase"]
[SourceQuality "1"]
[TimeControl "40/5400+30:1800+30"]

1. e4 e5 2. Nf3 Nc6 3. Bb5 Nf6 4. d3 d6 5. c3 Be7 6. h3 O-O 7. O-O a6 8. Ba4 b5 9. Bc2 Bb7 10. Re1 b4 11. d4 bxc3 12. bxc3 exd4 13. Nxd4 Rb8 14. Nd2 Nd7 15. Rb1 Nc5 16. Rxb7 Rxb7 17. Nxc6 Qd7 18. Nxe7+ Qxe7 19. Nb3 Nxb3 20. axb3 Re8 21. Be3 c6 22. Qd3 Ra8 23. e5 g6 24. exd6 Qf8 25. c4 a5 26. Qd2 Rd7 27. c5 h5 28. Bh6 Qd8 29. Bg5 Qf8 30. Be4 Qc8 31. Qc2 Kh7 32. Bf3 Kg7 33. Be7 Ra6 34. Qc3+ Kh7 35. Qf6 Qe8 36. Re5 a4 37. bxa4 Rda7 38. Bxh5 Rxa4 39. Bf3 Ra1+ 40. Kh2 R1a6 41. Qh4+ Kg8 42. Bf6 Qxe5+ 43. Bxe5 f6 44. Qxf6 Rh7 45. Qxg6+ Kf8 46. Qxh7 Ra7 47. Qxa7 Kg8 48. Qg7# 1-0

[Event "55th Rubinstein Memorial-C 2019"]
[Site "Polanica-Zdroj"]
[Date "2019.08.23"]
[Round "7.29"]
[White "Wierzbicki, Dawid"]
[Black "Simon, Marek"]
[Result "0-1"]
[ECO "B18"]
[WhiteElo "1598"]
[BlackElo "1879"]
[Annotator "NA"]
[PlyCount "133"]
[EventDate "2019.08.17"]
[EventType "swiss"]
[EventCountry "POL"]
[SourceTitle "playchess.com"]
[Source "ChessBase"]
[SourceQuality "1"]
[TimeControl "40/5400+30:1800+30"]

1. e4 c6 2. d4 d5 3. Nc3 dxe4 4. Nxe4 Bf5 5. Ng3 Bg6 6. Nh3 Nf6 7. Nf4 e5 8. Nxg6 hxg6 9. c3 exd4 10. Qxd4 Qxd4 11. cxd4 Bb4+ 12. Bd2 Bxd2+ 13. Kxd2 O-O 14. Bc4 Rd8 15. Kc3 Nbd7 16. Rhe1 Nb6 17. Ne4 Nfd5+ 18. Bxd5 Nxd5+ 19. Kc4 Nb6+ 20. Kd3 Rd5 21. Nc5 Rad8 22. Nxb7 R8d7 23. Re8+ Kh7 24. Rc1 Rxb7 25. Rxc6 Rbd7 26. Re4 g5 27. g4 Rb5 28. b3 Rb4 29. f4 gxf4 30. Rxf4 Nd5 31. Re4 Rb8 32. Rc5 Nb4+ 33. Kd2 Nxa2 34. Ra5 Nb4 35. Rh5+ Kg6 36. h4 f6 37. Rc5 Na6 38. Ra5 Rb6 39. g5 fxg5 40. Rxg5+ Kh7 41. Rh5+ Kg8 42. Ra5 Nb4 43. Kc3 Rc7+ 44. Rc5 Na6 45. Re8+ Kh7 46. Rc8 Nxc5 47. Rxc7 Ne4+ 48. Kd3 Nd6 49. Rc3 Nf5 50. h5 Ng3 51. Kc2 Nxh5 52. Rc5 Nf6 53. Ra5 a6 54. Kc3 Ne4+ 55. Kd3 Nd6 56. Kc3 Kh6 57. Re5 g5 58. Re6+ Kh5 59. Re7 g4 60. d5 g3 61. Rh7+ Kg4 62. Rg7+ Kf3 63. Rg8 g2 64. Rf8+ Ke3 65. Rg8 Ne4+ 66. Kc4 Kf2 67. Rc8 0-1

[Event "55th Rubinstein Memorial-C 2019"]
[Site "Polanica-Zdroj"]
[Date "2019.08.23"]
[Round "7.30"]
[White "Karleszko, Karolina"]
[Black "Ziemski, Przemyslaw"]
[Result "1/2-1/2"]
[ECO "C50"]
[WhiteElo "1596"]
[BlackElo "1759"]
[Annotator "NA"]
[PlyCount "136"]
[EventDate "2019.08.17"]
[EventType "swiss"]
[EventCountry "POL"]
[SourceTitle "playchess.com"]
[Source "ChessBase"]
[SourceQuality "1"]
[TimeControl "40/5400+30:1800+30"]

1. e4 e5 2. Bc4 Bc5 3. Nf3 Nc6 4. d3 d6 5. c3 Nf6 6. O-O Bg4 7. b4 Bb6 8. a4 a5 9. Qb3 O-O 10. Be3 Qd7 11. Nbd2 Be6 12. Bxb6 cxb6 13. b5 Ne7 14. Rfe1 Rae8 15. Rad1 Ng6 16. Bxe6 Rxe6 17. d4 Qc7 18. c4 Re7 19. Rc1 Nd7 20. Qb2 Rfe8 21. Re3 h6 22. g3 Ngf8 23. Rce1 g6 24. Qc2 Ne6 25. Nb3 Kh7 26. Qc3 exd4 27. Nfxd4 Ndc5 28. Nxe6 Rxe6 29. Nxc5 dxc5 30. f3 Rd8 31. e5 Qd7 32. Qc2 Qd4 33. Kh1 Kg7 34. f4 Qd2 35. Qe4 Rd7 36. f5 gxf5 37. Qxf5 Rde7 38. Qe4 Rxe5 39. Qxe5+ Rxe5 40. Rxe5 Qc2 41. R1e4 Qxa4 42. Re7 Kf6 43. Rd7 Qa1+ 44. Kg2 Qc1 45. Rf4+ Ke6 46. Rdxf7 Qc2+ 47. Kh3 a4 48. Rxb7 a3 49. Rxb6+ Ke5 50. Ra6 a2 51. b6 Qb1 52. b7 Qxb7 53. Rxa2 Qd7+ 54. Kg2 Qc6+ 55. Kg1 Qg6 56. Re2+ Kd6 57. Rfe4 Qg5 58. Kg2 Qc1 59. Re6+ Kd7 60. Re7+ Kd8 61. R2e4 Qd2+ 62. Kh3 Qd1 63. Re2 Qd3 64. R7e4 Qf3 65. R2e3 Qf1+ 66. Kg4 Qd1+ 67. Kh3 Qf1+ 68. Kg4 Qf2 {Kf5} 1/2-1/2

[Event "55th Rubinstein Memorial-C 2019"]
[Site "Polanica-Zdroj"]
[Date "2019.08.23"]
[Round "7.31"]
[White "Gromada, Andrzej"]
[Black "Krzyzosiak, Anna"]
[Result "1-0"]
[ECO "E97"]
[WhiteElo "1721"]
[BlackElo "1590"]
[Annotator "NA"]
[PlyCount "89"]
[EventDate "2019.08.17"]
[EventType "swiss"]
[EventCountry "POL"]
[SourceTitle "playchess.com"]
[Source "ChessBase"]
[SourceQuality "1"]
[TimeControl "40/5400+30:1800+30"]

1. Nf3 Nf6 2. c4 g6 3. Nc3 Bg7 4. e4 d6 5. d4 O-O 6. Be2 e5 7. O-O Nc6 8. d5 Ne7 9. b4 Ne8 10. c5 f5 11. Bc4 f4 12. Ng5 Nf6 13. f3 h6 14. Ne6 Bxe6 15. dxe6 Kh7 16. Ba3 g5 17. b5 Ne8 18. Rc1 h5 19. Qd3 g4 20. Rfd1 Ng6 21. cxd6 cxd6 22. Bxd6 Qb6+ 23. Kh1 Rd8 24. Bc5 Rxd3 25. Bxb6 Rxd1+ 26. Rxd1 axb6 27. Rd7 gxf3 28. gxf3 Nh4 29. Be2 Rf6 30. e7 Re6 31. Nd5 Kg6 32. Rxb7 Nf6 33. Nxb6 Rd6 34. Nd5 Re6 35. a4 Kf7 36. e8=Q+ Kxe8 37. Rxg7 Nxd5 38. exd5 Rd6 39. Kg1 Rxd5 40. b6 Rd8 41. b7 Kf8 42. Rc7 Ke8 43. Bb5+ Kf8 44. Rc8 Ke7 45. Rxd8 1-0

[Event "55th Rubinstein Memorial-C 2019"]
[Site "Polanica-Zdroj"]
[Date "2019.08.23"]
[Round "7.32"]
[White "Jeske, Jerzy"]
[Black "Kurtycz, Maciej"]
[Result "1-0"]
[ECO "B59"]
[WhiteElo "1547"]
[BlackElo "1689"]
[Annotator "NA"]
[PlyCount "64"]
[EventDate "2019.08.17"]
[EventType "swiss"]
[EventCountry "POL"]
[SourceTitle "playchess.com"]
[Source "ChessBase"]
[SourceQuality "1"]
[TimeControl "40/5400+30:1800+30"]

1. e4 c5 2. Nf3 Nc6 3. d4 cxd4 4. Nxd4 Nf6 5. Nc3 d6 6. Be2 e5 7. Nb3 h6 8. Be3 Be7 9. f3 Be6 10. Qd2 O-O 11. O-O a5 12. Rad1 a4 13. Nc1 a3 14. b3 Nb4 15. Nb5 d5 16. exd5 Nbxd5 17. c4 Nxe3 18. Qxe3 Nd7 19. Kh1 Qb8 20. Nd3 f5 21. Rfe1 Kh8 22. Bf1 f4 23. Qe4 Rf5 24. Nd4 Rf6 25. Nxe6 Rxe6 26. Nxf4 Nc5 27. Qd5 Rd6 28. Qxe5 Rxd1 29. Qxb8+ Rxb8 30. Rxd1 Nxb3 31. Ng6+ Kh7 32. Nxe7 Ra8 1-0

[Event "55th Rubinstein Memorial-C 2019"]
[Site "Polanica-Zdroj"]
[Date "2019.08.24"]
[Round "8.1"]
[White "Janzer, Hubert"]
[Black "Kroliczek, Gabriela"]
[Result "1-0"]
[ECO "A40"]
[WhiteElo "1803"]
[BlackElo "1787"]
[Annotator "NA"]
[PlyCount "51"]
[EventDate "2019.08.17"]
[EventType "swiss"]
[EventCountry "POL"]
[SourceTitle "playchess.com"]
[Source "ChessBase"]
[SourceQuality "1"]
[TimeControl "40/5400+30:1800+30"]

1. d4 e6 2. Bf4 f5 3. e3 Nf6 4. Nd2 Be7 5. h3 d6 6. Ngf3 O-O 7. c3 Ne4 8. Qc2 d5 9. Nxe4 fxe4 10. Ne5 Nd7 11. O-O-O c6 12. Be2 Nxe5 13. dxe5 Qa5 14. Kb1 b5 15. f3 exf3 16. gxf3 Bd7 17. Bd3 g6 18. Bxg6 Rf5 19. Bxf5 exf5 20. Qg2+ Kf7 21. Rhg1 Rf8 22. Qg7+ Ke8 23. Qxh7 b4 24. Rg7 Qc5 25. cxb4 Qxb4 26. a3 1-0

[Event "55th Rubinstein Memorial-C 2019"]
[Site "Polanica-Zdroj"]
[Date "2019.08.24"]
[Round "8.2"]
[White "Kaliszuk, Kamil"]
[Black "Kardys, Zbigniew"]
[Result "1/2-1/2"]
[ECO "B80"]
[WhiteElo "1853"]
[BlackElo "1949"]
[Annotator "NA"]
[PlyCount "105"]
[EventDate "2019.08.17"]
[EventType "swiss"]
[EventCountry "POL"]
[SourceTitle "playchess.com"]
[Source "ChessBase"]
[SourceQuality "1"]
[TimeControl "40/5400+30:1800+30"]

1. e4 c5 2. Nf3 Nf6 3. Nc3 d6 4. d4 cxd4 5. Nxd4 e6 6. g3 a6 7. Bg2 Qc7 8. O-O Be7 9. Be3 O-O 10. Nb3 Bd7 11. f4 Bc6 $14 12. g4 h6 13. g5 hxg5 14. fxg5 Nh7 15. Qh5 g6 16. Qh6 Qd8 17. h4 Nd7 18. Bd4 Ne5 19. Nc5 Bxg5 20. hxg5 Qxg5 21. Qxg5 Nxg5 22. Bxe5 dxe5 23. Rad1 Rad8 24. Rxd8 Rxd8 25. Rd1 Rd4 26. Kf2 Rc4 27. Nd7 Rb4 28. b3 Rd4 29. Nxe5 Rxd1 30. Nxd1 Bxe4 31. Bxe4 Nxe4+ 32. Ke3 Nd6 33. Nc3 g5 34. Ne4 Nxe4 35. Kxe4 f5+ 36. Kf3 Kf8 37. Nd7+ Ke7 38. Nc5 b6 39. Nxa6 Kd6 40. Nb4 e5 41. c4 Kc5 42. Nc2 Kd6 43. a4 Kc5 44. Ke3 g4 45. Kd3 e4+ 46. Kc3 g3 47. b4+ Kd6 48. Ne1 f4 49. Kd2 f3 50. Nxf3 exf3 51. Ke3 f2 52. Ke2 Kc6 53. Kf1 1/2-1/2

[Event "55th Rubinstein Memorial-C 2019"]
[Site "Polanica-Zdroj"]
[Date "2019.08.24"]
[Round "8.3"]
[White "Sypien, Natan"]
[Black "Majek, Kacper"]
[Result "0-1"]
[ECO "D56"]
[WhiteElo "1819"]
[BlackElo "1984"]
[Annotator "NA"]
[PlyCount "100"]
[EventDate "2019.08.17"]
[EventType "swiss"]
[EventCountry "POL"]
[SourceTitle "playchess.com"]
[Source "ChessBase"]
[SourceQuality "1"]
[TimeControl "40/5400+30:1800+30"]

1. d4 d5 2. c4 e6 3. Nc3 Nf6 4. Bg5 Be7 5. e3 h6 6. Bh4 O-O 7. Nf3 Nbd7 8. Rc1 c5 9. cxd5 Nxd5 10. Bxe7 Nxe7 11. Be2 cxd4 12. Qxd4 Nc6 13. Qd2 Qe7 14. O-O Nf6 $11 15. Rfd1 Rd8 16. Qc2 Bd7 17. a3 e5 18. b4 a6 19. Na4 e4 20. Nd2 Rab8 21. Nc5 Bf5 22. h3 Rbc8 23. Nc4 a5 24. Nb6 Rxd1+ 25. Rxd1 Rd8 26. Rxd8+ Qxd8 27. bxa5 Nxa5 28. Nc4 Nxc4 29. Qxc4 b6 30. Nb3 Be6 31. Qd4 Qc7 32. Qb2 Nd7 33. Nd4 Nc5 34. Qc3 Qd6 35. Nb5 Qd5 36. Qd4 Qa2 37. Qd8+ Kh7 38. Qxb6 Nd7 39. Qd4 Qxe2 40. Qxe4+ g6 41. Nd4 Qe1+ 42. Kh2 Nc5 43. Qf3 Kg7 44. g4 Qa5 45. h4 Qc7+ 46. Kg1 Qe5 47. h5 Bd5 48. Qh3 Qe4 49. Kh2 Qh1+ 50. Kg3 Ne4+ 0-1

[Event "55th Rubinstein Memorial-C 2019"]
[Site "Polanica-Zdroj"]
[Date "2019.08.24"]
[Round "8.4"]
[White "Sroka, Janusz"]
[Black "Karnasiewicz, Robert"]
[Result "1-0"]
[ECO "B25"]
[WhiteElo "1875"]
[BlackElo "1803"]
[Annotator "NA"]
[PlyCount "133"]
[EventDate "2019.08.17"]
[EventType "swiss"]
[EventCountry "POL"]
[SourceTitle "playchess.com"]
[Source "ChessBase"]
[SourceQuality "1"]
[TimeControl "40/5400+30:1800+30"]

1. e4 c5 2. Nc3 Nc6 3. g3 g6 4. Bg2 Bg7 5. d3 d6 6. f4 e6 7. Nf3 Nge7 8. O-O O-O 9. Be3 Nd4 10. e5 Nef5 11. Bf2 Nxf3+ 12. Qxf3 Nd4 13. Qd1 $1 dxe5 14. fxe5 Bxe5 $11 15. Na4 Qc7 16. c3 Nf5 17. Nxc5 Rb8 18. d4 Bg7 19. Nd3 h5 20. Qe2 b6 21. Ne5 Bb7 22. Rfe1 Bxg2 23. Kxg2 Qb7+ 24. Qf3 Qxf3+ 25. Kxf3 Rbc8 26. h3 Rfd8 27. g4 hxg4+ 28. hxg4 Nd6 29. Bh4 Re8 30. Nd7 f5 31. Nf6+ Bxf6 32. Bxf6 Kf7 33. g5 Ne4 34. Rxe4 fxe4+ 35. Kxe4 e5 36. Bxe5 Ke6 37. Rh1 Re7 38. Rf1 Kd7 39. Kd5 Rce8 40. a4 Re6 41. b4 a6 42. c4 R8e7 43. c5 bxc5 44. bxc5 a5 45. Rb1 Ra6 46. c6+ Rxc6 47. Rb7+ Kc8 48. Rxe7 Rc1 49. Ra7 Rg1 50. Bf6 Rf1 51. Kc6 Rc1+ 52. Kd6 Ra1 53. Rxa5 Kb7 54. d5 Ra2 55. Kd7 Kb6 56. Bd8+ Kb7 57. Rb5+ Ka6 58. Rb4 Rd2 59. d6 Rd1 60. Rb6+ Ka7 61. a5 Rd5 62. Rb3 Rd1 63. Bf6 Rd5 64. Kc6 Rxa5 65. d7 Ra6+ 66. Kc5 Ra5+ 67. Kc4 1-0

[Event "55th Rubinstein Memorial-C 2019"]
[Site "Polanica-Zdroj"]
[Date "2019.08.24"]
[Round "8.5"]
[White "Witkowski, Krzysztof"]
[Black "Pyka, Roman"]
[Result "1/2-1/2"]
[ECO "B01"]
[WhiteElo "1707"]
[BlackElo "1860"]
[Annotator "NA"]
[PlyCount "55"]
[EventDate "2019.08.17"]
[EventType "swiss"]
[EventCountry "POL"]
[SourceTitle "playchess.com"]
[Source "ChessBase"]
[SourceQuality "1"]
[TimeControl "40/5400+30:1800+30"]

1. e4 d5 2. exd5 Qxd5 3. Nc3 Qd6 4. d4 Nf6 5. g3 Bg4 6. Be2 Bxe2 7. Ngxe2 c6 8. Bf4 Qd8 9. Qd3 e6 $11 10. Ne4 Nxe4 11. Qxe4 Nd7 12. O-O Be7 13. c4 O-O 14. Rfd1 Re8 15. Nc3 Qa5 16. d5 exd5 17. cxd5 Nf6 18. Qf3 cxd5 19. Nxd5 Nxd5 20. Rxd5 Qb6 21. Rd7 Qxb2 22. Rad1 Qxa2 23. Rxb7 Bf6 24. Be3 Red8 25. Rc1 Rac8 26. Rxc8 Rxc8 27. Rxa7 Qe6 28. Ra8 1/2-1/2

[Event "55th Rubinstein Memorial-C 2019"]
[Site "Polanica-Zdroj"]
[Date "2019.08.24"]
[Round "8.6"]
[White "Mike, Patryk"]
[Black "Kolodziejski, Piotr"]
[Result "1-0"]
[ECO "B40"]
[WhiteElo "1840"]
[BlackElo "1701"]
[Annotator "NA"]
[PlyCount "59"]
[EventDate "2019.08.17"]
[EventType "swiss"]
[EventCountry "POL"]
[SourceTitle "playchess.com"]
[Source "ChessBase"]
[SourceQuality "1"]
[TimeControl "40/5400+30:1800+30"]

1. e4 c5 2. Nf3 e6 3. c4 Nc6 4. Nc3 e5 5. d3 Nf6 6. Be2 d6 7. O-O g6 $11 8. Ne1 Bg7 9. f4 Nd4 10. Nc2 Nxe2+ 11. Qxe2 Bg4 12. Qf2 exf4 13. Bxf4 Nh5 14. Bd2 Be6 15. Nd5 O-O 16. Bc3 Bxc3 17. Nxc3 Qg5 18. Qe3 Qe5 19. Rae1 Nf6 20. Qd2 Ng4 21. g3 h5 22. Ne3 Qg5 23. Rf4 Ne5 24. Ref1 Kg7 25. Ned5 Bg4 26. Rxf7+ Nxf7 27. Rxf7+ Rxf7 28. Qxg5 Raf8 29. Nf4 Rf6 30. Ncd5 1-0

[Event "55th Rubinstein Memorial-C 2019"]
[Site "Polanica-Zdroj"]
[Date "2019.08.24"]
[Round "8.7"]
[White "Andrushchiak, Maxim"]
[Black "Zalega, Maciej"]
[Result "1-0"]
[ECO "A45"]
[WhiteElo "1826"]
[BlackElo "1429"]
[Annotator "NA"]
[PlyCount "120"]
[EventDate "2019.08.17"]
[EventType "swiss"]
[EventCountry "POL"]
[SourceTitle "playchess.com"]
[Source "ChessBase"]
[SourceQuality "1"]
[TimeControl "40/5400+30:1800+30"]

1. d4 Nf6 2. Nc3 d5 3. Bf4 c6 4. e3 g6 5. Nf3 Bg7 6. Be2 Bg4 7. h3 Bxf3 8. Bxf3 Nbd7 9. h4 h5 10. Qd2 b5 11. O-O Nb6 12. b3 O-O 13. Rad1 e6 14. Rfe1 Nh7 15. g3 f5 16. Ne2 Qe7 17. Kg2 Nd7 18. c4 Qa3 19. cxb5 cxb5 20. Rc1 Rfc8 21. Rc2 Rxc2 22. Qxc2 Qa6 23. Rc1 Nb6 24. Qc6 Nf8 25. Qd6 Rc8 26. a3 Rxc1 27. Nxc1 Qc8 28. Nd3 Nbd7 29. Nc5 Kf7 30. Be2 Nxc5 31. dxc5 e5 32. Qxd5+ Qe6 33. Qb7+ Qd7 34. c6 Qxb7 35. cxb7 Nd7 36. Bg5 Bf8 37. Bxb5 Nb8 38. Bc4+ Ke8 39. b4 Bd6 40. Kf1 Nc6 41. Ke2 Ne7 42. e4 fxe4 43. Be3 Bb8 44. Bc5 Nf5 45. Bd5 e3 46. Be4 exf2 47. Kxf2 Kd7 48. a4 a6 49. Bd3 a5 50. Be4 axb4 51. Bxb4 Ba7+ 52. Kg2 Kc7 53. Bc3 Kd6 54. a5 Ne3+ 55. Kf3 Nf5 56. a6 Ke6 57. Ba5 Kd6 58. Bb6 Nd4+ 59. Kg2 Bxb6 60. b8=Q+ Bc7 1-0

[Event "55th Rubinstein Memorial-C 2019"]
[Site "Polanica-Zdroj"]
[Date "2019.08.24"]
[Round "8.8"]
[White "Rakita, Efim"]
[Black "Musial, Igor"]
[Result "1/2-1/2"]
[ECO "B56"]
[WhiteElo "1960"]
[BlackElo "1717"]
[Annotator "NA"]
[PlyCount "96"]
[EventDate "2019.08.17"]
[EventType "swiss"]
[EventCountry "POL"]
[SourceTitle "playchess.com"]
[Source "ChessBase"]
[SourceQuality "1"]
[TimeControl "40/5400+30:1800+30"]

1. e4 c5 2. Nf3 d6 3. d4 cxd4 4. Nxd4 Nf6 5. Nc3 Nc6 6. Be3 e5 7. Nde2 Be6 8. Ng3 d5 9. exd5 Nxd5 10. Bd2 Be7 11. Bd3 $17 O-O 12. Nf5 Nxc3 13. Nxe7+ Qxe7 14. Bxc3 e4 15. Bb5 Qg5 16. Qe2 Bg4 17. Qf1 Rad8 18. Bxc6 bxc6 19. h3 Bh5 20. g4 Bg6 21. Qe2 e3 22. O-O exf2+ 23. Qxf2 h5 24. Qf4 Qxf4 25. Rxf4 hxg4 26. Rxg4 Rfe8 27. Kf2 Re4 28. Rag1 Rxg4 29. Rxg4 Re8 30. Bd4 Re4 31. Bxa7 Rxg4 32. hxg4 Bxc2 33. Ke3 f5 34. g5 Kf7 35. Bb8 Ke6 36. Kd4 Kd7 37. Ke5 Bd3 38. a4 Kc8 39. Bd6 Kb7 40. Bf8 g6 41. Bd6 f4 42. Kxf4 Bc2 43. a5 Ka6 44. b4 Kb7 45. Ke5 Bd3 46. Kd4 Bf5 47. Bc5 Bb1 48. Ke5 Bd3 {[%emt 0:00:22] Ke4} 1/2-1/2

[Event "55th Rubinstein Memorial-C 2019"]
[Site "Polanica-Zdroj"]
[Date "2019.08.24"]
[Round "8.9"]
[White "Burdzicki, Jan"]
[Black "Szczesniak, Andrzej"]
[Result "0-1"]
[ECO "D11"]
[WhiteElo "1716"]
[BlackElo "1954"]
[Annotator "NA"]
[PlyCount "66"]
[EventDate "2019.08.17"]
[EventType "swiss"]
[EventCountry "POL"]
[SourceTitle "playchess.com"]
[Source "ChessBase"]
[SourceQuality "1"]
[TimeControl "40/5400+30:1800+30"]

1. d4 d5 2. c4 c6 3. e3 Nf6 4. Nf3 a6 5. Nbd2 Bf5 6. Qb3 Qc7 7. Bd3 Bg6 8. Ne5 e6 9. Nxg6 hxg6 10. Nf3 Nbd7 $11 11. Bd2 Ne4 12. cxd5 exd5 13. Bxe4 dxe4 14. Ng5 Nf6 15. Qc2 Rxh2 16. O-O Rh5 17. f4 exf3 18. Nxf3 Bd6 19. e4 Bh2+ 20. Kh1 Ng4 21. Bg5 Bf4+ 22. Bh4 Bg3 23. e5 Bxh4 24. Nxh4 Rxh4+ 25. Kg1 O-O-O 26. Qe4 Qd7 27. Rf4 f5 28. exf6 Nxf6 29. Rxh4 Nxe4 30. Rxe4 Re8 31. Rae1 Rxe4 32. Rxe4 Qd5 33. Rg4 Qxa2 0-1

[Event "55th Rubinstein Memorial-C 2019"]
[Site "Polanica-Zdroj"]
[Date "2019.08.24"]
[Round "8.10"]
[White "Bartoszewicz, Marcin"]
[Black "Maslo, Slawomir"]
[Result "1-0"]
[ECO "B13"]
[WhiteElo "1950"]
[BlackElo "1687"]
[Annotator "NA"]
[PlyCount "111"]
[EventDate "2019.08.17"]
[EventType "swiss"]
[EventCountry "POL"]
[SourceTitle "playchess.com"]
[Source "ChessBase"]
[SourceQuality "1"]
[TimeControl "40/5400+30:1800+30"]

1. e4 c6 2. d4 d5 3. exd5 cxd5 4. c4 Nf6 5. Nc3 Nc6 6. Nf3 Bg4 7. cxd5 Nxd5 8. Qb3 Bxf3 9. gxf3 e6 10. Qxb7 Nxd4 11. Bb5+ Nxb5 12. Qc6+ Ke7 13. Qxb5 Qd7 14. Nxd5+ Qxd5 15. Qxd5 exd5 16. O-O Kf6 17. Rd1 Rd8 18. Be3 Rd7 19. Rac1 Be7 20. Rd4 g5 21. Ra4 Kf5 22. Rxa7 Rxa7 23. Bxa7 Ra8 24. Rc7 Ke6 25. a3 Bd6 26. Rb7 Be5 27. Bc5 d4 28. h3 Rd8 29. Kf1 d3 30. Ke1 f5 31. Kd2 h5 32. Be3 f4 33. Bc5 Bf6 34. Rb6+ Ke5 35. a4 Bh8 36. Bb4 Kd5 37. Kxd3 Bxb2 38. Be7 Rd7 39. Rxb2 Rxe7 40. Rb5+ Ke6 41. Rxg5 h4 42. Ke4 Rc7 43. Re5+ Kd6 44. Kxf4 Rc2 45. Re4 Rxf2 46. Ke3 Rb2 47. Rxh4 Rb3+ 48. Kf2 Ke5 49. Rg4 Kf5 50. h4 Rb2+ 51. Kg3 Rb1 52. Rg5+ Kf6 53. Ra5 Rg1+ 54. Kf4 Rb1 55. Ra6+ Kg7 56. h5 1-0

[Event "55th Rubinstein Memorial-C 2019"]
[Site "Polanica-Zdroj"]
[Date "2019.08.24"]
[Round "8.11"]
[White "Tokmantsev, Ivan"]
[Black "Bugaj, Hanna"]
[Result "1-0"]
[ECO "A16"]
[WhiteElo "1918"]
[BlackElo "1622"]
[Annotator "NA"]
[PlyCount "115"]
[EventDate "2019.08.17"]
[EventType "swiss"]
[EventCountry "POL"]
[SourceTitle "playchess.com"]
[Source "ChessBase"]
[SourceQuality "1"]
[TimeControl "40/5400+30:1800+30"]

1. c4 Nf6 2. Nc3 g6 3. e4 e5 4. g3 Bg7 5. Bg2 d6 6. Nge2 O-O 7. O-O c5 8. d3 Nc6 9. h3 Be6 10. Rb1 Rb8 11. a3 b6 12. b4 Qd7 13. Kh2 $11 Ne8 14. b5 Nd4 15. Nxd4 cxd4 16. Nd5 Nc7 17. a4 Rfc8 18. Ba3 f6 19. Qb3 Bf7 20. Rfc1 Ne6 21. Nb4 Nc5 22. Qd1 Bh6 23. Nc6 Rb7 24. Bxc5 Bxc1 25. Bxb6 axb6 26. Rxc1 Ra8 27. Ra1 Qc7 28. Bf3 Be6 29. Qd2 Kg7 30. Bd1 Bd7 31. Nb4 Qc8 32. h4 Qf8 33. Bf3 Be6 34. Kg1 Rf7 35. Bg2 h6 36. Na6 g5 37. f4 gxf4 38. gxf4 Kh7 39. f5 Bc8 40. Nb4 Qg7 41. Nd5 Rb8 42. Kh2 Qg4 43. Qf2 Bd7 44. Bf3 Qg8 45. Bh5 Rff8 46. Rg1 Qh8 47. Bg6+ Kg7 48. Be8+ Kh7 49. Bg6+ Kg7 50. Qg3 Rg8 51. Be8+ Kf8 52. Qxg8+ Qxg8 53. Rxg8+ Kxg8 54. Bxd7 Kg7 55. Bc6 Kf7 56. Nxb6 Rxb6 57. a5 Rb8 58. a6 1-0

[Event "55th Rubinstein Memorial-C 2019"]
[Site "Polanica-Zdroj"]
[Date "2019.08.24"]
[Round "8.12"]
[White "Budzisz, Adrian"]
[Black "Koscielny, Edmond"]
[Result "1-0"]
[ECO "A04"]
[WhiteElo "1631"]
[BlackElo "1841"]
[Annotator "NA"]
[PlyCount "62"]
[EventDate "2019.08.17"]
[EventType "swiss"]
[EventCountry "POL"]
[SourceTitle "playchess.com"]
[Source "ChessBase"]
[SourceQuality "1"]
[TimeControl "40/5400+30:1800+30"]

1. Nf3 f5 2. d4 d6 3. e3 Nf6 4. Be2 e6 5. O-O Be7 6. c4 O-O 7. Nc3 Qe8 8. b4 c6 9. a4 Ne4 10. Bb2 Nd7 11. b5 Ndf6 12. Na2 $11 Bd7 13. Ne1 a6 14. f3 Ng5 15. Qb3 Rb8 16. Nc3 Qg6 17. Nd3 Nh5 18. c5 f4 19. Ne4 Nxe4 20. fxe4 fxe3 21. Ba3 cxb5 22. cxd6 bxa4 23. Bxh5 Qxh5 24. dxe7 Rf2 25. Qd1 e2 26. Qxe2 Qxe2 27. Rxf2 Qe3 28. Re1 Qxd4 29. Bc5 Qxf2+ 30. Nxf2 b5 31. Rd1 Kf7 1-0